 Dungeon Crawl Stone Soup version 0.19-a0-1931-gf4bb0bd (webtiles) character file.

98 Musica the Skirmisher (level 4, -11/37 HPs)
             Began as a Demonspawn Berserker on Oct 25, 2016.
             Was a Priest of Trog.
             Mangled by an ogre
             ... wielding a +0 giant club
              (26 damage)
             ... on level 3 of the Dungeon.
             The game lasted 00:07:11 (2133 turns).

Musica the Skirmisher (Demonspawn Berserker)        Turns: 2133, Time: 00:07:12

Health: -11/37     AC:  8    Str: 17    XL:     4   Next: 44%
Magic:  4/4        EV:  9    Int:  8    God:    Trog [***...]
Gold:   180        SH:  0    Dex: 14    Spells: 0 memorised, 3 levels left

rFire  . . .     SeeInvis .     a - +0 mace
rCold  . . .     Gourm    .     e - +0 chain mail
rNeg   . . .     Faith    .     (no shield)
rPois  .         Spirit   .     (helmet restricted)
rElec  .         Reflect  .     (no cloak)
rCorr  .         Harm     .     (no gloves)
MR     .....                    (no boots)
Stlth  ..........               (no amulet)
                                (no ring)
                                (no ring)

@: no status effects
A: horns 1, rot immunity, sturdy frame 1
a: Berserk, Trog's Hand, Burn Spellbooks, Renounce Religion


You were on level 3 of the Dungeon.
You worshipped Trog.
Trog was most pleased with you.
You were not hungry.

You visited 1 branch of the dungeon, and saw 4 of its levels.

You collected 180 gold pieces.

Inventory:

Hand Weapons
 a - a +0 mace (weapon)
 p - a +0 hunting sling
Missiles
 b - 4 javelins of penetration (quivered)
 h - 90 arrows
 i - 14 sling bullets
 m - 10 poisoned needles
Armour
 e - a +0 chain mail (worn)
Rods
 j - a +1 rod of clouds (10/10)
   (You found it on level 3 of the Dungeon)
Scrolls
 l - a scroll of random uselessness {unknown}
 o - 3 scrolls of identify
Potions
 f - 3 potions of might
 g - 3 potions of curing {unknown}
 n - 2 potions of resistance {unknown}
 q - 2 potions of berserk rage {unknown}
 r - a potion of flight {unknown}
 t - 2 potions of haste {unknown}
Comestibles
 c - 4 bread rations
 d - 3 meat rations
 k - a beef jerky


   Skills:
 + Level 3.9 Fighting
 + Level 3.7 Maces & Flails
 + Level 2.0 Armour
 + Level 2.3 Dodging


You had 3 spell levels left.
You didn't know any spells.

Dungeon Overview and Level Annotations

Branches:
Dungeon (4/15)
 Temple: D:4-7

Altars:
Uskayaw
Yredelemnul


Innate Abilities, Weirdness & Mutations

You have a pair of small horns on your head.
You are immune to rotting.
Your movements are slightly less encumbered by armour. (ER -2)


Message History

The javelin of penetration pierces through the ogre.
The ogre is moderately wounded.
A hippogriff comes into view.
Throwing (i - inventory):
b - 5 javelins of penetration (quivered)
Press: ? - help, Shift-Dir - straight line, f/p - ogre
Aim: an ogre, wielding a giant club (moderately wounded)
You throw a javelin of penetration.
The javelin of penetration barely misses the ogre.
The hippogriff screeches!
The ogre hits you with a giant club!!
Ouch! That really hurt!
Your chain mail prevents you from hitting the ogre.
You headbutt the ogre.
The ogre is heavily wounded.
The ogre barely misses you.
You sock the ogre!
The ogre is severely wounded.
The ogre hits you with a giant club!!
Ouch! That really hurt!
You die...

# .....# # .....# ((.
##.....# ... )......# ..
#......# .H #####
##......# #. ######...# #
##..... #.##......#.# #
.##.. #O#..#####..# #
##.#... . ##.@.## #>## #
#.... ........#######.# #
#..# .................#
###..##..#..............##
.........###............#
.........# #............#
.........# #............#
.###########.#..........#
..#########..#.#........#


You could see a hippogriff and an ogre.

Vanquished Creatures
  2 adders
  A worm (D:2)
  4 dart slugs
  3 leopard geckos
  10 bats
  8 goblins
  7 hobgoblins
  2 jackals (D:1)
  3 quokkas
  A ball python (D:3)
  4 frilled lizards
  6 kobolds
  15 rats
66 creatures vanquished.

Notes
Turn   | Place    | Note
-------+----------+-------------------------------------------
     0 | D:1      | Musica the Demonspawn Berserker began the quest for the Orb.
     0 | D:1      | Reached XP level 1. HP: 18/18 MP: 1/1
    94 | D:1      | Gained mutation: You have a pair of small horns on your head. [demonic ancestry]
    94 | D:1      | Reached XP level 2. HP: 4/24 MP: 2/2
   673 | D:1      | Gained mutation: You are immune to rotting. [demonic ancestry]
   673 | D:1      | Reached XP level 3. HP: 24/29 MP: 3/3
   952 | D:2      | Reached ** piety under Trog
  1117 | D:3      | Noticed an ogre
  1388 | D:2      | Gained mutation: Your movements are slightly less encumbered by armour. (ER -2) [demonic ancestry]
  1388 | D:2      | Reached XP level 4. HP: 34/37 MP: 4/4
  1590 | D:2      | Found a hide-covered altar of Uskayaw.
  1590 | D:2      | Found a basalt altar of Yredelemnul.
  1724 | D:3      | Reached *** piety under Trog
  1952 | D:3      | Received a gift from Trog
  2131 | D:3      | Noticed a hippogriff
  2133 | D:3      | Mangled by an ogre

Vault maps used:
D:1:      ncdulo_watergridlock, minmay_surrounded
D:2:      gammafunk_temple_overflow_statue, minmay_rat_gold_closets
D:3:      first_bread
D:4:      lemuel_coloured_pillars_altar, serial_shops, shop, minivault_19,
          kennysheep_generic_room_14, uniq_crazy_yiuf_cottage

Skill      XL: |  1  2 |
---------------+-------+-----
Maces & Flails | 3 |  3.7
Armour         | 2 |  2.0
Dodging        | 2 |  2.3
Fighting       | |  3.9

Action                   |  1- 3 |  4- 6 || total
-------------------------+-------+-------++-------
Melee: Mace              |   125 |    60 ||   185
       Headbutt          |    14 |    10 ||    24
Throw: Javelin           |       |     6 ||     6
Invok: Berserk           |     1 |       ||     1
  Use: Scroll            |       |     5 ||     5
 Stab: Sleeping          |     1 |     2 ||     3
  Eat: Chunk             |     3 |     2 ||     5
Armor: Animal skin       |    23 |     7 ||    30
       Chain mail        |       |     8 ||     8
Dodge: Dodged            |   100 |    37 ||   137
